Map: Odyssey LE

Players

Bones

  • Race: Protoss Protoss
  • Spawn Location: 11:00

TheoRy - Winner!

  • Race: Protoss Protoss
  • Spawn Location: 5:00

Event: WCS Montreal 2017

VOD

Have the link to the VOD?

Description

Time

  • Played on: Sept. 8, 2017, 12:08 p.m.
  • Length: 6:52

All games in this series

Show
View Real Time Build Order
Export as new Build Order

Bones Protoss 

Build Orders: Phoenix Opening 

Get SALT Encoding   

  12  0:01  Probe (Chrono Boost)  
  13  0:11  Probe (Chrono Boost)  
  14  0:19  Pylon  
  14  0:22  Probe (Chrono Boost)  
  15  0:37  Probe (Chrono Boost), Gateway  
  16  0:48  Probe (Chrono Boost)  
  16  0:49  Assimilator  
  17  0:53  Assimilator  
  17  0:58  Probe (Chrono Boost)  
  18  1:09  Probe (Chrono Boost)  
  19  1:19  Probe (Chrono Boost)  
  20  1:26  Cybernetics Core  
  20  1:30  Probe (Chrono Boost)  
  21  1:35  Pylon  
  21  1:40  Probe (Chrono Boost)  
  22  1:51  Probe (Chrono Boost)  
  23  2:02  Stalker, Mothership Core (Chrono Boost), Warp Gate (Chrono Boost)  
  27  2:21  Stargate  
  27  2:25  Probe  
  28  2:33  Pylon  
  28  2:34  Stalker  
  30  2:37  Probe  
  31  2:51  Probe  
  31  2:57  Pylon  
  32  3:02  Gateway  
  32  3:04  Probe  
  33  3:07  Phoenix (Chrono Boost)  
  35  3:22  Probe  
  36  3:30  Phoenix (Chrono Boost)  
  38  3:50  Gateway  
  38  3:51  Phoenix (Chrono Boost)  
  39  3:58  Robotics Facility  
  39  4:01  Stalker  
  39  4:02  Stalker  
  43  4:10  Pylon  
  43  4:20  Phoenix (Chrono Boost)  
  45  4:27  Pylon  
  45  4:33  Probe  
  46  4:43  Phoenix (Chrono Boost)  
  48  4:52  Warp Prism  
  50  5:05  Phoenix (Chrono Boost)  
  52  5:15  Adept x3  
  58  5:32  Phoenix (Chrono Boost)  
  60  5:37  Zealot  
  60  5:41  Pylon  
  60  5:42  Pylon  
  62  6:00  Stalker x3  
  68  6:12  Pylon  
  68  6:29  Stalker x3  
Show
View Real Time Build Order
Export as new Build Order

TheoRy Protoss - Winner!

Build Orders:  

Get SALT Encoding   

  12  0:00  Probe (Chrono Boost)  
  13  0:11  Probe (Chrono Boost)  
  14  0:17  Pylon  
  14  0:22  Probe (Chrono Boost)  
  16  0:35  Probe (Chrono Boost)  
  16  0:36  Gateway  
  16  0:46  Probe (Chrono Boost)  
  16  0:47  Assimilator  
  17  0:52  Assimilator  
  17  0:56  Probe (Chrono Boost)  
  18  1:07  Probe (Chrono Boost)  
  18  1:10  Gateway  
  19  1:17  Probe (Chrono Boost)  
  20  1:23  Cybernetics Core  
  20  1:28  Probe (Chrono Boost)  
  20  1:30  Pylon  
  21  1:38  Probe (Chrono Boost)  
  22  1:49  Probe (Chrono Boost)  
  23  1:56  Pylon  
  23  1:59  Stalker x2  
  27  2:02  Warp Gate (Chrono Boost)  
  27  2:29  Stalker x2  
  31  2:40  Probe  
  32  2:49  Nexus  
  32  2:53  Probe (Chrono Boost)  
  33  3:04  Mothership Core (Chrono Boost)  
  35  3:07  Pylon  
  35  3:25  Probe  
  36  3:32  Robotics Facility  
  36  3:37  Probe  
  37  3:48  Twilight Council  
  37  3:49  Probe  
  37  3:52  Stalker  
  37  3:53  Stalker  
  42  4:00  Probe  
  42  4:01  Probe  
  44  4:07  Pylon  
  44  4:17  Stalker  
  44  4:18  Stalker  
  44  4:19  Probe  
  44  4:20  Probe  
  50  4:27  Blink (Chrono Boost)  
  50  4:31  Probe x2  
  52  4:42  Stalker  
  52  4:43  Stalker  
  56  4:48  Probe  
  56  4:51  Probe  
  56  4:57  Immortal  
  60  5:00  Probe  
  61  5:08  Pylon  
  61  5:16  Gateway  
  61  5:18  Gateway  
  61  5:26  Gateway  
  61  5:28  Pylon  
  61  5:30  Stalker  
  62  5:40  Adept  
  62  5:41  Mothership Core  
  63  5:48  Gateway  
  65  5:56  Adept  
  67  6:01  Gateway  
  67  6:04  Pylon  
  67  6:05  Adept  
  67  6:07  Pylon  
  69  6:16  Gateway, Adept x2  
  73  6:19  Adept  
  73  6:23  Pylon  
  75  6:26  Probe  
  76  6:35  Adept x2  
  74  6:40  Adept x2  
  72  6:49  Adept  
Tags
 
Add a new tag
Caveats
  • Supply blocks, unpowered buildings, or Contaminate may cause inaccurate times.
  • Supply counts are checked every 10 seconds.